 Dungeon Crawl Stone Soup version 0.19.5 (webtiles) character file.

535 McKennaii the Magician (level 7, 0/36 HPs)
             Began as a Deep Elf Fire Elementalist on May 11, 2017.
             Succumbed to an orc wizard's poison
             ... on level 4 of the Dungeon.
             The game lasted 00:11:07 (4085 turns).

McKennaii the Magician (Deep Elf Fire Elementalist) Turns: 4085, Time: 00:11:08

Health: 0/36       AC:  6    Str:  5    XL:     7   Next: 4%
Magic:  15/18      EV: 12    Int: 22    God:
Gold:   251        SH:  0    Dex: 15    Spells: 4 memorised, 7 levels left

rFire  . . .     SeeInvis .     (no weapon)
rCold  + . .     Gourm    .     u - +3 leather armour {rC+}
rNeg   + . .     Faith    .     (no shield)
rPois  .         Spirit   .     (no helmet)
rElec  .         Reflect  .     (no cloak)
rCorr  .         Harm     .     (no gloves)
MR     .....                    (no boots)
Stlth  +++.......               (no amulet)
                                n - ring of positive energy
                                k - ring of stealth

@: lethally poisoned (0 -> -7)
A: no striking features
a: no special abilities


You were on level 4 of the Dungeon.
You were not hungry.

You visited 1 branch of the dungeon, and saw 5 of its levels.
You also visited: Sewer.

You collected 251 gold pieces.

Inventory:

Armour
 u - a +3 leather armour of cold resistance (worn)
Jewellery
 k - a ring of stealth (left hand)
 n - a ring of positive energy (right hand)
 r - an uncursed amulet of guardian spirit {unknown}
Wands
 t - a wand of iceblast (5/15)
Scrolls
 d - a scroll of magic mapping
 e - 4 scrolls of enchant armour
 f - 5 scrolls of identify
 g - 2 scrolls of remove curse
 h - a scroll of teleportation {unknown}
 p - a scroll of enchant weapon {unknown}
 s - a scroll of fear {unknown}
Potions
 i - 4 potions of curing
 l - 2 potions of haste {unknown}
 m - 3 potions of heal wounds {unknown}
 o - a potion of resistance {unknown}
 q - a potion of agility {unknown}
 v - 2 potions of flight {unknown}
Books
 b - a book of Flames

   Spells                             Type                      Level
   a - Flame Tongue                   Conjuration/Fire             1
   b - Throw Flame                    Conjuration/Fire             2
   c - Conjure Flame                  Conjuration/Fire             3
   d - Inner Flame                    Hexes/Fire                   3
   e - Sticky Flame                   Conjuration/Fire             4
   f - Fireball                       Conjuration/Fire             5
Comestibles
 c - 5 bread rations
 j - 2 meat rations


   Skills:
 + Level 0.2 Fighting
 + Level 3.1 Dodging
 + Level 3.9 Stealth
 + Level 6.1 Spellcasting
 + Level 3.7 Conjurations
 + Level 5.6 Fire Magic


You had 7 spell levels left.
You knew the following spells:

 Your Spells              Type           Power        Failure   Level  Hunger
a - Flame Tongue          Conj/Fire      ####.        2%          1    None
b - Throw Flame           Conj/Fire      ####..       3%          2    None
c - Conjure Flame         Conj/Fire      ####....     10%         3    #......
f - Fireball              Conj/Fire      ####......   69%         5    #####..


Dungeon Overview and Level Annotations

Branches:
Dungeon (5/15)
 Temple: D:4-7

Altars:
Cheibriados
Elyvilon
Trog
Xom
The Shining One


Message History

The orc wizard casts a spell at you. The puff of flame hits you!
* * * LOW HITPOINT WARNING * * *
Casting: Flame Tongue
Confirm with . or Enter, or press ? or * to list all spells.
Aiming: Flame Tongue
Press: ? - help, Shift-Dir - straight line, f/p - orc wizard
Aim: an orc wizard, wielding a dagger of venom and wearing a robe (heavily wounded)
The flame tongue hits the orc wizard.
The orc wizard is almost dead.
The orc wizard hits you with a dagger of venom.
* * * LOW HITPOINT WARNING * * *
You are lethally poisoned!
Casting: Flame Tongue
Confirm with . or Enter, or press ? or * to list all spells.
Aiming: Flame Tongue
Press: ? - help, Shift-Dir - straight line, f/p - orc wizard
Aim: an orc wizard, wielding a dagger of venom and wearing a robe (almost dead)
The flame tongue misses the orc wizard.
You die...

#.# ##.##...#.#...#.##....
#.###...###...<.....#####.
#.............#...### #.
#####...####..##.### #.
##.## #..##...# #.
##.#####..####.# #.
#.........# ##.## #.
#..#####(####...## #.
#.[.o@[..###.....####.
#.######[............. #.#
##.###.....#####
#.#####.).......##
#.........#######
#######...#
####..#########
#.....(.......#
#.##..#######.##


You could see an orc wizard.

Vanquished Creatures
  An ogre (D:4)
  A big kobold (Sewer)
  2 hounds (D:4)
  An orc priest (D:3)
  4 orc wizards
  Terence (D:2)
  A hound skeleton (D:4)
  2 adders
  A river rat (Sewer)
  2 oozes (D:3)
  2 worms
  A leopard gecko (D:1)
  12 orcs
  2 ball pythons
  3 giant cockroaches
  7 goblins
  8 hobgoblins
  12 jackals
  A quokka (D:4)
  4 bats
  4 frilled lizards
  A jackal skeleton (D:4)
  8 kobolds
  12 rats
93 creatures vanquished.

Notes
Turn   | Place    | Note
-------+----------+-------------------------------------------
     0 | D:1      | McKennaii the Deep Elf Fire Elementalist began the quest for the Orb.
     0 | D:1      | Reached XP level 1. HP: 10/10 MP: 6/6
   153 | D:1      | Reached XP level 2. HP: 15/15 MP: 2/8
   263 | D:1      | Found a shimmering altar of Xom.
   265 | D:1      | Found a radiant altar of Vehumet.
   265 | D:1      | Found a shimmering altar of Xom.
   267 | D:1      | Found a snail-covered altar of Cheibriados.
   267 | D:1      | Found a white marble altar of Elyvilon.
   267 | D:1      | Found a bloodstained altar of Trog.
   882 | D:2      | Found a glowing golden altar of the Shining One.
  1006 | D:2      | Reached XP level 3. HP: 15/19 MP: 6/10
  1010 | D:2      | Learned a level 2 spell: Throw Flame
  1014 | D:2      | Learned a level 3 spell: Conjure Flame
  1208 | D:2      | Noticed Terence
  1222 | D:2      | Killed Terence
  1222 | D:2      | Reached skill level 4 in Spellcasting
  1499 | D:2      | Reached XP level 4. HP: 23/24 MP: 7/12
  2196 | D:3      | Reached XP level 5. HP: 9/28 MP: 4/14
  2921 | D:4      | Reached skill level 5 in Spellcasting
  3001 | D:4      | Noticed an ogre
  3011 | D:4      | Killed an ogre
  3011 | D:4      | Reached skill level 5 in Fire Magic
  3011 | D:4      | Reached XP level 6. HP: 4/32 MP: 6/16
  3019 | D:4      | Learned a level 5 spell: Fireball
  3451 | D:4      | Found a glowing drain.
  3455 | Sewer    | Entered a sewer
  3623 | Sewer    | Found a glowing silver altar of Zin.
  3737 | D:5      | Entered Level 5 of the Dungeon
  3766 | D:5      | Reached skill level 6 in Spellcasting
  3978 | D:4      | Reached XP level 7. HP: 3/36 MP: 1/18
  4084 | D:4      | HP: 1/36 [orc wizard/dagger of venom (2)]
  4085 | D:4      | Succumbed to an orc wizard's poison

Skill      XL: |  1  2  3  4  5  6 |
---------------+-------------------+-----
Stealth        | 3 |  3.9
Spellcasting   | 4 5 6 |  6.1
Conjurations   | 2 3 |  3.7
Fire Magic     | 4 5 |  5.6
Dodging        | 3 |  3.1
Fighting       | |  0.2

Action                   |  1- 3 |  4- 6 |  7- 9 || total
-------------------------+-------+-------+-------++-------
Melee: Unarmed           |     5 |       |       ||     5
 Cast: Flame Tongue      |    63 |   123 |     4 ||   190
       Throw Flame       |       |    18 |       ||    18
  Use: Scroll            |       |     4 |       ||     4
  Eat: Chunk             |     2 |     3 |       ||     5
       Meat ration       |       |     1 |       ||     1
Armor: Robe              |     4 |     4 |       ||     8
       Leather armour    |       |     5 |     1 ||     6
Dodge: Dodged            |    25 |    28 |     1 ||    54
